Map: Pureté et industrie EC

Players

Jim - Winner!

  • Race: Terran Terran
  • Spawn Location: 3:00

SInsalCraft

  • Race: Protoss Protoss
  • League: Silver
  • Spawn Location: 12:00

VOD

Have the link to the VOD?

Description

Time

  • Played on: May 14, 2020, 1 p.m.
  • Length: 18:46
Show
View Real Time Build Order
Export as new Build Order

Jim Terran - Winner!

Build Orders:  

Get SALT Encoding   

  12  0:04  SCV  
  13  0:16  SCV  
  13  0:18  Supply Depot  
  14  0:28  SCV  
  15  0:38  Refinery  
  15  0:40  SCV  
  16  0:52  SCV  
  16  0:55  Barracks  
  17  1:05  SCV  
  18  1:17  SCV  
  19  1:29  SCV  
  20  1:43  Supply Depot  
  20  1:45  Refinery  
  20  1:51  Marine  
  21  2:13  Factory  
  21  2:18  SCV  
  22  2:30  SCV  
  23  2:42  SCV  
  24  2:54  Barracks Tech Lab  
  24  2:57  Factory Reactor  
  24  3:13  Marauder  
  26  3:26  Orbital Command  
  26  3:35  Marauder  
  30  3:47  Supply Depot  
  28  4:09  Supply Depot, Hellion  
  30  4:10  Hellion  
  32  4:31  Hellion x2  
  34  4:32  Supply Depot  
  40  4:55  Supply Depot  
  36  5:18  Supply Depot  
  36  5:19  Cyclone  
  39  5:46  Reaper x2  
  41  5:52  Cyclone  
  41  5:53  Starport  
  44  6:24  Siege Tank  
  47  7:08  Hellion  
  49  7:19  Liberator  
  52  7:30  Hellion  
  26  9:07  Marine  
  26  9:08  Orbital Command, Marine  
  25  9:11  Hellion  
  25  9:15  Medivac  
  29  9:25  Marine x2  
  29  9:27  Fusion Core  
  31  9:33  Widow Mine  
  33  9:43  Marine  
  36  9:54  Widow Mine  
  39  10:15  Cyclone  
  39  10:27  Starport Tech Lab  
  39  10:46  Battlecruiser  
  39  10:47  Cyclone  
  48  11:28  Command Center  
  48  11:35  Weapon Refit  
  48  11:50  Battlecruiser  
  54  12:00  Cyclone  
  57  12:01  Reaper  
  57  12:02  Reaper  
  59  12:32  Cyclone  
  59  12:33  Marine x2  
  64  12:51  Marine x2  
  64  12:53  Refinery  
  64  12:55  Battlecruiser  
  72  13:31  Orbital Command  
  72  13:58  Raven  
Show
View Real Time Build Order
Export as new Build Order

SInsalCraft Protoss 

Build Orders:  

Get SALT Encoding   

  12  0:09  Probe  
  13  0:21  Probe (Chrono Boost)  
  14  0:29  Pylon  
  14  0:30  Probe (Chrono Boost)  
  15  0:38  Assimilator  
  15  0:47  Probe  
  16  0:55  Assimilator  
  16  0:59  Probe  
  17  1:10  Pylon  
  17  1:12  Probe (Chrono Boost), Pylon  
  18  1:24  Probe (Chrono Boost)  
  19  1:32  Probe (Chrono Boost)  
  20  1:38  Probe  
  21  1:43  Gateway  
  21  1:50  Probe  
  21  1:51  Gateway  
  22  2:02  Probe (Chrono Boost)  
  23  2:14  Probe (Chrono Boost)  
  24  2:21  Probe (Chrono Boost), Pylon  
  25  2:25  Pylon  
  25  2:28  Probe  
  26  2:40  Probe  
  26  2:42  Cybernetics Core  
  27  2:45  Pylon  
  27  2:50  Pylon  
  27  2:53  Probe  
  28  3:05  Probe, Pylon  
  29  3:11  Pylon  
  29  3:16  Pylon  
  29  3:17  Probe  
  29  3:19  Warp Gate  
  30  3:45  Pylon  
  30  3:46  Zealot (Chrono Boost)  
  34  3:54  Zealot (Chrono Boost)  
  34  4:04  Zealot (Chrono Boost)  
  34  4:05  Gateway  
  36  4:14  Zealot  
  38  4:17  Pylon  
  38  4:26  Forge  
  38  4:30  Probe  
  39  4:31  Zealot  
  41  4:41  Zealot  
  41  4:43  Probe  
  44  4:51  Pylon  
  44  4:58  Stalker  
  46  5:08  Stalker  
  46  5:13  Stargate  
  48  5:26  Stargate  
  48  5:28  Stalker  
  48  5:32  Robotics Facility  
  50  5:38  Stalker  
  50  5:41  Photon Cannon  
  52  5:52  Probe  
  53  5:58  Stalker  
  55  6:04  Probe  
  55  6:08  Stalker  
  58  6:16  Probe  
  59  6:19  Phoenix (Chrono Boost)  
  61  6:28  Zealot  
  61  6:29  Observer  
  64  6:37  Phoenix (Chrono Boost)  
  64  6:38  Zealot  
  68  6:43  Nexus  
  70  7:14  Phoenix (Chrono Boost)  
  70  7:29  Immortal  
  74  7:31  Void Ray (Chrono Boost)  
  72  8:08  Immortal  
  72  8:12  Void Ray  
  64  8:52  Immortal  
  64  8:55  Void Ray  
  62  9:09  Probe (Chrono Boost)  
  61  9:19  Probe (Chrono Boost)  
  62  9:24  Probe (Chrono Boost)  
  63  9:38  Phoenix  
  65  9:39  Protoss Ground Weapons Level 1  
  65  9:46  Stalker x2  
  69  9:54  Sentry  
  71  10:03  Phoenix  
  73  10:25  Adept x2  
  73  10:27  Adept  
  73  10:28  Phoenix  
  81  10:58  Zealot  
  81  10:59  Zealot x2  
  87  11:24  Immortal  
  91  11:59  Nexus  
  91  12:19  Zealot x2  
  95  12:43  Protoss Ground Armor Level 1 (Chrono Boost)  
  95  13:01  Pylon  
  95  13:03  Pylon  
  95  13:13  Probe  
  96  13:25  Probe  
  97  13:37  Probe  
  98  13:49  Probe  
  99  14:00  Adept x3  
  105  14:44  Void Ray (Chrono Boost)  
  105  14:46  Observer  
  110  15:19  Void Ray  
  114  15:47  Nexus  
  110  15:51  Assimilator  
  90  16:02  Void Ray  
Tags
 
Add a new tag
Caveats
  • Supply blocks, unpowered buildings, or Contaminate may cause inaccurate times.
  • Supply counts are checked every 10 seconds.